 Dungeon Crawl Stone Soup version 0.24-a0-201-gf205589 (webtiles) character file.

Game seed: 7701209346694960942

639 Borgoz the Ducker (level 7, -5/57 HPs)
             Began as a Ghoul Gladiator on Mar 24, 2019.
             Slain by a centaur (7 damage)
             ... on level 5 of the Dungeon.
             The game lasted 00:05:57 (2864 turns).

Borgoz the Ducker (Ghoul Gladiator)                 Turns: 2864, Time: 00:05:57

Health: -5/57      AC:  6    Str: 15 (18) XL:     7   Next: 51%
Magic:  8/8        EV: 11    Int:  3 (7)  God:
Gold:   79         SH:  5    Dex:  6 (10) Spells: 8/8 levels left

rFire    + . .     SeeInvis .   p - +12 mace of the Wary Dances {crush, +Blink MR- Int+2}
rCold    + . .     Gourm    .   l - +2 buckler
rNeg     + + +     Faith    .   j - +0 ring mail
rPois    ∞         Spirit   .   c - +0 helmet
rElec    .         Reflect  .   (no cloak)
rCorr    .         Harm     .   (no gloves)
MR       .....                  (no boots)
Stlth    +.........             (no amulet)
HPRegen  0.00/turn              A - ring of protection from fire
MPRegen  0.11/turn              (no ring)

@: rotting
A: rotting body, claws 1, carnivore, cold resistance 1, negative energy
resistance 3, inhibited regeneration, torment resistance, unbreathing
a: Evoke Blink


You were on level 5 of the Dungeon.
You were hungry.

You visited 2 branches of the dungeon, and saw 6 of its levels.

You collected 176 gold pieces.
You spent 97 gold pieces at shops.

Inventory:

Hand Weapons
 a - a +1 rapier
 p - the +12 mace of the Wary Dances (weapon) {crush, +Blink MR- Int+2}
   (You found it on level 4 of the Dungeon)

   It inflicts extra damage upon your enemies.
   It affects your intelligence (+2).
   It affects your resistance to hostile enchantments.
   It lets you blink.
 s - a +0 blowgun
Missiles
 d - 3 throwing nets (quivered)
 i - 28 poisoned needles
 r - 5 needles of frenzy
 x - 6 javelins
Armour
 c - a +0 helmet (worn)
 j - a +0 ring mail (worn)
 l - a +2 buckler (worn)
Jewellery
 A - a ring of protection from fire (left claw)
Wands
 B - a wand of acid (6)
 C - a wand of polymorph (7)
Scrolls
 b - 4 scrolls of amnesia {unknown}
 e - a scroll of magic mapping {unknown}
 k - 2 scrolls of teleportation {unknown}
 o - a scroll of remove curse {unknown}
 t - 3 scrolls of identify {unknown}
 u - 2 scrolls of random uselessness {unknown}
 v - a scroll of immolation {unknown}
 w - a scroll of enchant armour {unknown}
 y - a scroll of blinking {unknown}
Potions
 h - a potion of lignification
 m - a potion of degeneration
 n - a potion of mutation
Comestibles
 f - 10 rations


   Skills:
 + Level 3.4 Fighting
 * Level 4.0 Short Blades
 + Level 2.8 Throwing
 * Level 2.7 Armour
 * Level 4.1 Dodging
 + Level 2.4 Stealth
 + Level 1.5 Shields
 + Level 1.4 Spellcasting
 + Level 0.5 Evocations


You had 8 spell levels left.
You didn't know any spells.
Your spell library was empty.

Dungeon Overview and Level Annotations

Branches:
Dungeon (5/15)             Temple (1/1) D:4

Altars:
Dithmenos
Elyvilon
Gozag
Hepliaklqana
Makhleb
Nemelex Xobeh
Okawaru
Qazlal
Ru
Trog
Uskayaw
Vehumet
Wu Jian
Xom
Yredelemnul

Shops:
D:4 *


Innate Abilities, Weirdness & Mutations

Your body is rotting away.
You thrive on raw meat.
You are immune to poison.
You have sharp fingernails.
You are carnivorous and can eat meat at any time.
Your flesh is cold resistant. (rC+)
You are immune to negative energy. (rN+++)
You do not regenerate when monsters are visible.
You are immune to unholy pain and torment.
You can survive without breathing.


Message History

You block the centaur's attack.
The centaur hits you but does no damage.
You block the scorpion's attack.
You closely miss the scorpion.
The scorpion is severely wounded.
You block the centaur's attack. The scorpion stings you.
* * * LOW HITPOINT WARNING * * *
You block the centaur's attack. The scorpion stings you.
* * * LOW HITPOINT WARNING * * *
Unknown command.
You thump the scorpion!
You kill the scorpion!
Your Short Blades skill increases to level 4!
The centaur hits you.
* * * LOW HITPOINT WARNING * * *
You block the centaur's attack. The centaur closely misses you.
You hit the centaur.
The centaur is moderately wounded.
The centaur completely misses you. The centaur hits you!
You die...

.. #### +## ..#
#####..##..##..#
#...............
#.:........>...
#......(...#
#.......(c.##
#.....(.@...#
##.##.###†.##
#####.## ..#
+......# ....
#.....)# .....
#####.## ..##..#
..##.##'###..#
+##
...>......#..$
..........#


You could see a centaur.

Vanquished Creatures
  A bullfrog (D:3)
  A scorpion (D:5)
  A crimson imp (D:2)
  An orc priest (D:3)
  4 hounds
  4 orc wizards (D:4)
  An iguana (D:4)
  9 adders
  An ooze (D:1)
  An adder skeleton (D:4)
  4 dart slugs (D:1)
  3 worms (D:2)
  A leopard gecko (D:3)
  8 orcs
  6 bats
  7 giant cockroaches
  5 goblins
  8 hobgoblins
  7 jackals (D:2)
  5 kobolds
  3 quokkas
  5 frilled lizards
  A jackal skeleton (D:4)
  A quokka skeleton (D:4)
  7 rats
  A butterfly (D:4)
96 creatures vanquished.

Notes
Turn   | Place    | Note
-------+----------+-------------------------------------------
     0 | D:1      | Borgoz the Ghoul Gladiator began the quest for the Orb.
     0 | D:1      | Reached XP level 1. HP: 17/17 MP: 0/0
    49 | D:1      | Reached XP level 2. HP: 23/24 MP: 1/1
   252 | D:1      | Reached XP level 3. HP: 22/30 MP: 2/2
   548 | D:2      | Found an opulent altar of Gozag.
   573 | D:2      | Reached skill level 1 in Armour
   573 | D:2      | Reached skill level 1 in Stealth
   573 | D:2      | Reached XP level 4. HP: 26/37 MP: 2/4
   869 | D:2      | You fall through a shaft for 2 floors!
   904 | D:4      | Reached XP level 5. HP: 37/42 MP: 5/5
   930 | D:4      | Reached skill level 1 in Spellcasting
   945 | D:4      | Got a slimy mace
   951 | D:4      | Identified the +12 mace of the Wary Dances {crush, +Blink
                  | MR- Int+2} (You found it on level 4 of the Dungeon)
  1093 | D:3      | Reached XP level 6. HP: 43/50 MP: 6/6
  1095 | D:3      | Reached skill level 1 in Shields
  2123 | D:4      | Reached XP level 7. HP: 45/57 MP: 7/7
  2280 | D:4      | Found Gilub's General Store.
  2291 | D:4      | Found a staircase to the Ecumenical Temple.
  2292 | D:4      | Bought a scroll of enchant weapon for 97 gold pieces
  2494 | Temple   | Entered the Ecumenical Temple
  2767 | D:5      | Entered Level 5 of the Dungeon
  2863 | D:5      | HP: 2/57 [centaur (2)]
  2864 | D:5      | Slain by a centaur

Levels and vault maps discovered:
D:1:      psy_arrival_dodecagon, layout_rooms, minmay_pentomino_z2
D:2:      minmay_spotlight, layout_basic, lemuel_crystal_altar
D:3:      layout_basic
D:4:      layout_loops_ring, minmay_temple_entry_butterflies, first_ration,
          serial_shops, shop
D:5:      layout_gridville, old_standard_altar, uniq_grinder
Temple:   eino_narrow_crystal_temple

Skill      XL: |  1  2  3  4  5  6  7 |
---------------+----------------------+-----
Throwing       | 2 |  2.8
Short Blades   | 3 4 |  4.0
Dodging        | 3 4 |  4.1
Armour         | 1 2 |  2.7
Stealth        | 1 2 |  2.4
Spellcasting   | 1 |  1.4
Shields        | 1 |  1.5
Fighting       | 3 |  3.4
Evocations     | |  0.5

Action                   |  1- 3 |  4- 6 |  7- 9 || total
-------------------------+-------+-------+-------++-------
Melee: Rapier            |    78 |    66 |       ||   144
       Mace              |       |    76 |    40 ||   116
  Use: Potion            |       |       |     6 ||     6
       Scroll            |       |       |     1 ||     1
 Stab: Sleeping          |     1 |       |       ||     1
  Eat: Chunk             |     2 |     8 |     1 ||    11
Armor: Leather armour    |     7 |       |       ||     7
       Ring mail         |    30 |    60 |    10 ||   100
Dodge: Dodged            |    64 |    79 |    19 ||   162
Block: Buckler           |       |    39 |    19 ||    58

Table legend:
 A = Non-vault XP
 B = Vault XP
 C = Vault XP percentage of total XP
 D = Non-vault monster count
 E = Vault monster count
 F = Vault count percentage of total count
                 A         B        C        D         E       F
            +---------+---------+-------+---------+---------+-------
      Total |     901 |      13 |   1.4 |      89 |       6 |   6.3
            +---------+---------+-------+---------+---------+-------
        D:1 |      38 |       3 |   7.3 |      14 |       2 |  12.5
        D:2 |     157 |      10 |   6.0 |      27 |       4 |  12.9
        D:3 |     228 |       0 |   0.0 |      29 |       0 |   0.0
        D:4 |     349 |       0 |   0.0 |      16 |       0 |   0.0
        D:5 |     129 |       0 |   0.0 |       3 |       0 |   0.0
            +---------+---------+-------+---------+---------+-------
